Map: Orbital Shipyard

Players

hydra - Winner!

  • Race: Zerg Zerg
  • League: Platinum

AcerBly (Bly)

  • Race: Zerg Zerg
  • League: Master

Event: DreamHack ZOWIE Open Leipzig

VOD

Have the link to the VOD?

Description

Time

  • Played on: Jan. 23, 2016, noon
  • Length: 12:05

All games in this series

Show
View Real Time Build Order
Export as new Build Order

hydra Zerg - Winner!

Build Orders: Hatch First, Roach Zergling, Zergling Mutalisk 

Get SALT Encoding   

  12  0:00  Drone  
  13  0:12  Overlord  
  13  0:17  Drone  
  14  0:30  Drone x2  
  14  0:34  Drone  
  17  0:51  Hatchery  
  17  0:54  Drone  
  17  0:57  Drone  
  18  1:03  Extractor  
  17  1:12  Spawning Pool  
  17  1:15  Drone  
  17  1:19  Drone  
  18  1:27  Drone  
  19  1:38  Overlord  
  19  1:58  Queen  
  19  1:59  Zergling x2  
  19  2:00  Zergling x2  
  23  2:03  Drone, Queen  
  23  2:06  Metabolic Boost  
  26  2:10  Drone  
  26  2:14  Drone  
  28  2:26  Drone  
  29  2:34  Drone, Queen  
  32  2:43  Overlord  
  31  2:45  Drone  
  31  2:46  Drone  
  31  2:48  Drone  
  34  2:55  Zergling x2  
  35  3:00  Zergling x2  
  37  3:05  Zergling x2  
  37  3:07  Zergling x2  
  37  3:08  Zergling x4  
  39  3:14  Spine Crawler, Zergling x2  
  39  3:17  Overlord  
  39  3:18  Drone x2  
  39  3:19  Drone  
  42  3:22  Drone  
  43  3:31  Overlord  
  43  3:39  Drone x2  
  45  3:42  Hatchery  
  45  3:43  Drone  
  45  3:47  Drone  
  46  3:50  Zergling x6  
  46  3:53  Zergling x4  
  51  4:01  Roach Warren  
  51  4:02  Overlord  
  46  4:10  Drone  
  46  4:11  Lair  
  44  4:19  Zergling x2  
  44  4:20  Zergling x6  
  48  4:28  Zergling x6  
  46  4:32  Zergling x6  
  48  4:41  Extractor  
  48  4:45  Drone x2  
  49  4:47  Drone  
  49  4:48  Drone x2  
  49  4:49  Drone x3  
  55  4:58  Drone, Overlord x2  
  56  5:01  Evolution Chamber  
  55  5:08  Drone  
  55  5:13  Roach  
  55  5:14  Roach x2  
  55  5:18  Drone x4  
  55  5:19  Extractor  
  58  5:23  Roach  
  58  5:25  Drone x2  
  58  5:26  Drone  
  58  5:27  Queen  
  58  5:28  Zerg Missile Weapons Level 1  
  65  5:33  Drone, Extractor  
  65  5:36  Roach x3  
  71  5:43  Overseer  
  71  5:45  Drone  
  71  5:48  Drone  
  71  5:49  Drone  
  74  5:51  Drone x4  
  74  5:52  Drone x3  
  74  5:53  Extractor  
  74  5:54  Drone  
  81  6:03  Roach x3  
  81  6:15  Drone  
  81  6:18  Spire  
  81  6:21  Roach x5, Extractor  
  81  6:22  Overlord  
  89  6:27  Spore Crawler, Queen  
  90  6:33  Overlord x2  
  90  6:42  Drone  
  90  6:47  Zergling x2  
  90  6:48  Zergling x10  
  90  6:50  Drone  
  90  6:53  Spore Crawler  
  96  6:55  Overlord x3  
  96  6:57  Drone  
  78  7:33  Mutalisk  
  78  7:34  Mutalisk x8  
  78  7:35  Zerg Flyer Weapons Level 1  
  88  7:37  Mutalisk x2  
  88  7:43  Mutalisk  
  92  7:51  Mutalisk  
  91  7:53  Drone x3  
  91  7:54  Overlord x2  
  91  7:55  Overlord  
  91  7:56  Mutalisk  
  96  8:03  Mutalisk  
  96  8:08  Drone x2  
  96  8:09  Drone  
  96  8:10  Mutalisk  
  101  8:15  Mutalisk  
  103  8:20  Mutalisk  
  103  8:27  Mutalisk  
  104  8:28  Zergling x2  
  104  8:29  Zergling x20  
  104  8:32  Mutalisk  
  119  8:39  Mutalisk  
  119  8:41  Hatchery, Zergling x6  
  123  8:44  Overlord x2  
  123  8:53  Mutalisk x2  
  123  9:07  Mutalisk x2  
  124  9:12  Zergling x14  
  124  9:13  Zergling x4  
  131  9:20  Mutalisk  
  133  9:29  Zerg Flyer Armor Level 1  
  129  9:32  Mutalisk x2  
  132  9:39  Mutalisk  
  132  9:46  Mutalisk  
  128  9:54  Zergling x32  
  128  9:55  Zergling x2  
  128  9:57  Extractor  
  128  9:59  Extractor  
  138  10:01  Mutalisk  
  138  10:04  Mutalisk  
  138  10:06  Mutalisk  
  138  10:08  Overlord  
  138  10:11  Mutalisk  
  140  10:17  Spore Crawler x2, Mutalisk  
  140  10:19  Zergling x18  
  149  10:25  Mutalisk  
  151  10:30  Mutalisk  
  151  10:31  Overlord x2  
  152  10:36  Mutalisk x2  
  132  11:13  Mutalisk x4  
  132  11:14  Mutalisk x4  
  119  11:27  Mutalisk x2  
  119  11:33  Zergling x34  
  133  11:46  Drone x2  
Show
View Real Time Build Order
Export as new Build Order

AcerBly Zerg 

Build Orders: Hatch First, Zergling Mutalisk 

Get SALT Encoding   

  12  0:00  Drone  
  13  0:12  Drone  
  14  0:17  Overlord  
  14  0:25  Extractor  
  14  0:26  Drone  
  15  0:36  Drone x2  
  17  0:52  Hatchery  
  16  1:05  Spawning Pool  
  16  1:08  Drone  
  16  1:11  Drone  
  16  1:14  Drone  
  16  1:18  Extractor  
  17  1:26  Drone  
  18  1:33  Drone  
  19  1:53  Queen  
  21  1:54  Zergling x2  
  21  1:57  Overlord  
  22  2:04  Queen  
  22  2:05  Drone x2  
  26  2:15  Drone x2  
  28  2:19  Metabolic Boost  
  28  2:25  Zergling x4  
  30  2:44  Overlord  
  29  2:48  Zergling x4  
  29  2:49  Baneling Nest  
  30  2:51  Overlord  
  30  3:05  Drone x5  
  35  3:16  Drone x5  
  40  3:22  Evolution Chamber  
  39  3:29  Zergling x4  
  39  3:35  Baneling x2  
  39  3:36  Baneling  
  39  3:37  Baneling  
  39  3:38  Zergling x10  
  43  4:01  Drone  
  43  4:02  Drone x2  
  46  4:07  Drone x2  
  47  4:11  Overlord  
  46  4:17  Overlord  
  46  4:18  Lair  
  46  4:20  Extractor  
  45  4:28  Hatchery  
  40  4:36  Zergling x10  
  43  4:40  Extractor  
  43  4:41  Extractor  
  43  4:42  Zergling x8  
  44  4:53  Drone x2  
  44  4:57  Baneling x3  
  46  5:03  Zergling x2  
  44  5:18  Drone x7, Spire  
  50  5:25  Drone  
  50  5:26  Drone  
  52  5:32  Overseer  
  52  5:35  Drone  
  53  5:39  Queen  
  53  5:40  Overlord  
  55  5:45  Zergling x4  
  55  5:47  Drone x3  
  61  5:50  Drone x2  
  61  5:56  Drone x2  
  63  6:01  Drone  
  63  6:02  Drone  
  64  6:05  Overlord  
  62  6:16  Zergling x12  
  67  6:29  Overlord  
  67  6:30  Baneling x2  
  67  6:31  Mutalisk x3, Baneling  
  67  6:32  Mutalisk  
  75  6:38  Mutalisk  
  75  6:39  Mutalisk x2  
  81  6:43  Roach Warren  
  81  6:44  Zergling x2  
  81  6:47  Mutalisk  
  81  6:51  Queen x2  
  87  6:56  Mutalisk  
  89  7:08  Queen  
  88  7:16  Mutalisk  
  88  7:19  Overlord x2  
  88  7:20  Overlord  
  88  7:22  Extractor x2  
  89  7:25  Overlord  
  89  7:27  Overseer  
  85  7:37  Mutalisk x2  
  89  7:47  Drone x4  
  89  7:48  Drone x6  
  96  7:55  Drone x2  
  97  8:02  Mutalisk  
  97  8:03  Mutalisk x2  
  101  8:16  Overlord, Infestation Pit  
  100  8:27  Mutalisk x2  
  100  8:29  Overlord x2  
  100  8:32  Drone x5  
  109  8:37  Zergling x4  
  109  8:40  Overlord  
  111  8:41  Zerg Flyer Armor Level 1  
  109  8:51  Mutalisk  
  109  8:52  Mutalisk  
  107  9:03  Hatchery  
  107  9:04  Mutalisk x2  
  103  9:12  Mutalisk x2  
  103  9:15  Zergling x10  
  103  9:16  Zergling x6  
  111  9:19  Mutalisk  
  111  9:22  Zergling x14  
  115  9:36  Mutalisk x2  
  110  9:40  Drone x3  
  101  10:02  Spore Crawler x2  
  101  10:06  Drone, Extractor, Baneling x3  
  101  10:07  Drone x7  
  109  10:17  Infestor x2  
  109  10:19  Infestor  
  109  10:41  Mutalisk x3  
  113  10:46  Spore Crawler x2  
  90  10:57  Mutalisk  
  90  11:00  Zergling x2  
  90  11:01  Zergling x14  
  90  11:02  Zergling x6  
  90  11:03  Zergling x4  
  95  11:17  Mutalisk x2  
  72  11:18  Queen  
  72  11:19  Queen  
  72  11:25  Mutalisk  
  53  11:34  Zergling x12  
  53  11:39  Spore Crawler  
  56  11:40  Spore Crawler  
  52  11:47  Zergling x6  

Tags
 
Add a new tag
Caveats
  • Supply blocks, unpowered buildings, or Contaminate may cause inaccurate times.
  • Supply counts are checked every 10 seconds.